 Dungeon Crawl Stone Soup version 0.25-a0-399-gcf1075a (webtiles) character file.

Game seed: 6744867595716278811, levelgen mode: deterministic

152 silenth the Chopper (level 5, 0/47 HPs)
             Began as a Hill Orc Fighter on Jan 8, 2020.
             Was an Initiate of Nemelex Xobeh.
             Slain by an orc (1 damage)
             ... on level 4 of the Dungeon.
             The game lasted 00:02:27 (1748 turns).

silenth the Chopper (Hill Orc Fighter)              Turns: 1748, Time: 00:02:27

Health: 0/47       AC:  8    Str: 20    XL:     5   Next: 34%
Magic:  6/6        EV:  7    Int:  8    God:    Nemelex Xobeh [......]
Gold:   121        SH:  9    Dex: 10    Spells: 4/4 levels left

rFire    . . .     SeeInvis .   a - +0 war axe
rCold    . . .     Gourm    .   c - +0 shield
rNeg     . . .     Faith    .   b - +0 scale mail
rPois    .         Spirit   .   (no helmet)
rElec    .         Reflect  .   (no cloak)
rCorr    .         Harm     .   l - +0 pair of gloves
MR       .....                  (no boots)
Stlth    ..........             (no amulet)
HPRegen  0.15/turn              (no ring)
MPRegen  0.10/turn              (no ring)

@: no status effects
A: no striking features
a: Draw Escape, Draw Destruction, Draw Summoning, Renounce Religion, Convert to
Beogh


You were on level 4 of the Dungeon.
You worshipped Nemelex Xobeh.
Nemelex Xobeh was noncommittal.
You were hungry.

You visited 1 branch of the dungeon, and saw 4 of its levels.

You collected 121 gold pieces.

Inventory:

Hand Weapons
 a - a +0 war axe (weapon)
Armour
 b - a +0 scale mail (worn)
 c - a +0 shield (worn)
 l - a +0 pair of gloves (worn)
Scrolls
 g - 2 scrolls of blinking {unknown}
 i - 2 scrolls of identify
 j - a scroll of teleportation {unknown}
 m - 2 scrolls of amnesia {unknown}
 o - 2 scrolls of enchant weapon {unknown}
 r - a scroll of remove curse
Potions
 d - 2 potions of might
 f - 5 potions of curing
 h - 3 potions of heal wounds {unknown}
 k - a potion of mutation {unknown}
 p - a potion of magic {unknown}
Comestibles
 e - 9 rations


   Skills:
 + Level 4.8 Fighting
 * Level 5.6 Axes
 - Level 3.2 Armour
 - Level 3.2 Shields
 + Level 2.2 Invocations


You had 4 spell levels left.
You didn't know any spells.
Your spell library was empty.

Dungeon Overview and Level Annotations

Branches:
Dungeon (4/15)
 Temple: D:4-7

Altars:
Nemelex Xobeh


Message History

The orc priest shouts, "Surrender to Beogh and we'll let you live!"
You closely miss the orc.
The orc is moderately wounded.
You block the orc's attack.
You barely miss the orc.
The orc is moderately wounded.
Your +1 trident is engulfed in freezing vapours.
Your +1 trident hits the orc.
The orc hits you.
* * * LOW HITPOINT WARNING * * *
You hit the orc.
The orc is heavily wounded.
The orc priest shouts, "Join the one true god or die!"
Your +1 trident is engulfed in freezing vapours.
You destroy your +1 trident!
The orc hits you but does no damage.
You closely miss the orc.
The orc is heavily wounded.
The orc hits you.
You die...
Your body disappears without a glow.

....▒ ....▒ ....+ ....▒
..>.▒ ..[.▒ ▒+▒ ####
....###.##### °....
'#####......######o.....
............'..)@oo.....
.#####......######○○)...
.#####......# )....
............# ....
......####### ...
......# .. .###### . .#
.#


You could see 2 orc priests and an orc.

Vanquished Creatures
  A centaur skeleton (D:4)
  An orc wizard (D:4)
  4 adders
  A dart slug (D:1)
  A leopard gecko (D:2)
  4 orcs
  4 bats
  2 giant cockroaches
  9 goblins
  7 hobgoblins
  2 quokkas
  2 frilled lizards
  4 kobolds
  5 rats
47 creatures vanquished.

Notes
Turn   | Place    | Note
-------+----------+-------------------------------------------
     0 | D:1      | silenth the Hill Orc Fighter began the quest for the Orb.
     0 | D:1      | Reached XP level 1. HP: 19/19 MP: 1/1
   222 | D:1      | Reached skill level 3 in Axes
   407 | D:1      | Reached XP level 2. HP: 26/27 MP: 2/2
   646 | D:2      | Reached skill level 4 in Fighting
   646 | D:2      | Reached skill level 4 in Axes
   650 | D:2      | Reached XP level 3. HP: 32/33 MP: 3/3
   778 | D:2      | Found a sparkling altar of Nemelex Xobeh.
   790 | D:2      | Became a worshipper of Nemelex Xobeh the Trickster
  1356 | D:3      | Received a gift from Nemelex Xobeh
  1385 | D:3      | Reached skill level 1 in Invocations
  1385 | D:3      | Reached XP level 4. HP: 41/41 MP: 4/4
  1732 | D:4      | Reached skill level 5 in Axes
  1740 | D:4      | Reached skill level 2 in Invocations
  1740 | D:4      | Reached XP level 5. HP: 17/47 MP: 6/6
  1742 | D:4      | HP: 3/47 [orc priest/divine providence (14)]
  1746 | D:4      | HP: 1/47 [orc (2)]
  1748 | D:4      | Slain by an orc

Levels and vault maps discovered:
D:1:      giann_horns, layout_loops_ring
D:2:      layout_basic, nemelex_xobeh_ov_fountains_minmay, first_ration
D:3:      kennysheep_the_goblin_king, layout_basic
D:4:      layout_basic, kennysheep_mini_moat, minmay_temple_entry_hall

Skill      XL: |  1  2  3  4 |
---------------+-------------+-----
Axes           | 3 4 5 |  5.6
Fighting       | 4 |  4.8
Invocations    | 1 2 |  2.2
Armour         | |  3.2
Shields        | |  3.2

Action                   |  1- 3 |  4- 6 || total
-------------------------+-------+-------++-------
Melee: War axe           |    94 |    23 ||   117
 Abil: Draw Destruction  |       |     2 ||     2
       Draw Escape       |       |     1 ||     1
       Draw Summoning    |       |     1 ||     1
  Use: Scroll            |     2 |     1 ||     3
  Eat: Chunk             |     2 |       ||     2
Armor: Scale mail        |    47 |    19 ||    66
Dodge: Dodged            |    27 |     4 ||    31
Block: Shield            |    42 |     9 ||    51

Table legend:
 A = Non-vault XP
 B = Vault XP
 C = Vault XP percentage of total XP
 D = Non-vault monster count
 E = Vault monster count
 F = Vault count percentage of total count
                 A         B        C        D         E       F
            +---------+---------+-------+---------+---------+-------
      Total |     204 |      14 |   6.4 |      40 |       7 |  14.9
            +---------+---------+-------+---------+---------+-------
        D:1 |      19 |       0 |   0.0 |      10 |       0 |   0.0
        D:2 |      28 |       0 |   0.0 |       9 |       0 |   0.0
        D:3 |      47 |      14 |  23.0 |      14 |       7 |  33.3
        D:4 |     110 |       0 |   0.0 |       7 |       0 |   0.0
            +---------+---------+-------+---------+---------+-------
